General information
- name: BNet
- type: Ladder 1vs1/FFA
- host: Battle.net
- saver: coL.Gate
map: LostTemple
- players: 2
- length: 119:32
- speed: Fast
- version: 1.26 W3XP
- replay type: Public
» download(342 KB)
Players
team 1 (loser)
LaLe_ (
green | 40 APM | 4827 actions | 119:27)
5 Far Seer
3 Feral Spirit
2 Chain Lighting
4 Shadow Hunter
2 Healing Wave
1 Hex
1 Serpent Ward
» actions
| Assign group hotkey | 18 | |
| Basic commands | 74 | |
| Build / train | 240 | |
| ESC pressed | 5 | |
| Enter build submenu | 86 | |
| Enter hero's abilities submenu | 10 | |
| Give item / drop item | 2 | |
| Remove unit from queue | 25 | |
| Right click | 2136 | |
| Select / deselect | 1769 | |
| Select group hotkey | 211 | |
| Use ability | 246 | |
4827 total
» units
| Peon | 59 | |
| Grunt | 3 | |
| Troll Headhunter/Berserker | 29 | |
| Raider | 18 | |
| Shaman | 15 | |
| Wind Rider | 23 | |
| Demolisher | 5 | |
| Troll Batrider | 16 | |
| Goblin Shredder | 1 | |
| Goblin Zeppelin | 2 | |
171 total
» upgrades
| Pillage | 1 | |
| Melee Weapons | 3 | |
| Armor | 3 | |
| Ranged Weapons | 3 | |
| Troll Regeneration | 1 | |
| Spiked Barricades | 3 | |
| Shaman Training | 2 | |
| Ensnare | 1 | |
| Berserker Upgrade | 1 | |
| War Drums Damage Increase | 1 | |
| Envenomed Spears | 1 | |
| Backpack | 1 | |
| Reinforced Defenses | 1 | |
| Berserker Strength | 1 | |
| Burning Oil | 1 | |
| Witch Doctor Training | 1 | |
| Liquid Fire | 1 | |
| Pulverize | 1 | |
27 total
» buildings
| Orc Burrow | 8 | |
| Altar of Storms | 1 | |
| Barracks | 1 | |
| War Mill | 1 | |
| Stronghold | 1 | |
| Beastiary | 2 | |
| Fortress | 1 | |
| Spirit Lodge | 1 | |
| Voodoo Lounge | 1 | |
| Watch Tower | 52 | |
| Great Hall | 9 | |
| Tauren Totem | 1 | |
79 total
» build order
00:09 Orc Burrow
00:12 Altar of Storms
01:03 Barracks
01:53 Orc Burrow
02:54 War Mill
03:34 Orc Burrow
04:52 Stronghold
07:21 Orc Burrow
08:19 Orc Burrow
09:17 Beastiary
09:52 Fortress
10:00 Orc Burrow
10:43 Spirit Lodge
12:00 Orc Burrow
12:37 Voodoo Lounge
12:59 Watch Tower
15:06 Great Hall
16:26 Watch Tower
17:02 Beastiary
18:48 Great Hall
19:45 Watch Tower
20:52 Watch Tower
21:33 Watch Tower
21:36 Watch Tower
22:28 Watch Tower
22:32 Watch Tower
23:33 Orc Burrow
24:07 Great Hall
24:25 Watch Tower
25:22 Watch Tower
25:24 Watch Tower
25:27 Watch Tower
25:42 Watch Tower
26:12 Watch Tower
27:46 Watch Tower
28:00 Watch Tower
28:09 Great Hall
29:13 Watch Tower
29:44 Great Hall
30:12 Watch Tower
30:49 Watch Tower
31:17 Watch Tower
31:53 Watch Tower
33:25 Watch Tower
33:39 Watch Tower
34:43 Watch Tower
34:45 Watch Tower
35:02 Watch Tower
35:06 Watch Tower
35:51 Watch Tower
36:09 Watch Tower
38:27 Great Hall
40:03 Tauren Totem
41:14 Watch Tower
46:10 Watch Tower
46:13 Watch Tower
46:14 Watch Tower
47:19 Watch Tower
47:21 Watch Tower
50:42 Watch Tower
50:43 Watch Tower
51:54 Great Hall
54:30 Watch Tower
54:31 Watch Tower
56:36 Watch Tower
59:37 Watch Tower
59:44 Watch Tower
61:32 Great Hall
75:44 Watch Tower
76:56 Watch Tower
77:59 Watch Tower
81:05 Watch Tower
81:09 Watch Tower
81:19 Great Hall
82:24 Watch Tower
82:25 Watch Tower
84:00 Watch Tower
84:02 Watch Tower
84:03 Watch Tower
» items
team 2 (winner)
coL.Gate (
blue | 59 APM | 7104 actions | 119:32)
8 Archmage
3 Blizzard
3 Brilliance Aura
1 Mass Teleport
1 Summon Water Elemental
7 Blood Mage
3 Flame Strike
3 Siphon Mana
1 Summon Phoenix
6 Mountain King
3 Storm Bolt
2 Bash
1 Avatar
» actions
| Assign group hotkey | 105 | |
| Basic commands | 198 | |
| Build / train | 209 | |
| ESC pressed | 1 | |
| Enter build submenu | 110 | |
| Enter hero's abilities submenu | 21 | |
| Give item / drop item | 14 | |
| Right click | 2855 | |
| Select / deselect | 1298 | |
| Select group hotkey | 1294 | |
| Use ability | 999 | |
7104 total
» units
| Peasant | 22 | |
| Goblin Shredder | 1 | |
| Dragonhawk Rider | 8 | |
| Sorceress | 2 | |
| Goblin Zeppelin | 3 | |
| Flying Machine | 14 | |
50 total
» upgrades
| Masonry | 3 | |
| Sorceress Training | 2 | |
| Magic Sentry | 1 | |
| Cloud | 1 | |
| Swords | 3 | |
| Armor | 3 | |
| Storm Hammers | 1 | |
| Flak Cannons | 1 | |
| Fragmentation Shards | 1 | |
| Plating | 3 | |
| Gunpowder | 3 | |
| Lumber Harvesting | 2 | |
| Flying Machine Bombs | 1 | |
| Animal War Training | 1 | |
26 total
» buildings
| Altar of Kings | 1 | |
| Farm | 18 | |
| Arcane Vault | 2 | |
| Lumber Mill | 2 | |
| Scout Tower | 118 | |
| Arcane Tower | 13 | |
| Guard Tower | 42 | |
| Town Hall | 3 | |
| Keep | 2 | |
| Blacksmith | 3 | |
| Castle | 2 | |
| Arcane Sanctum | 1 | |
| Gryphon Aviary | 6 | |
| Workshop | 2 | |
| Barracks | 1 | |
216 total
» build order
00:06 Altar of Kings
00:27 Farm
00:29 Farm
00:47 Farm
00:49 Farm
01:03 Arcane Vault
01:05 Lumber Mill
01:34 Farm
03:10 Scout Tower
03:10 Scout Tower
03:10 Scout Tower
03:13 Scout Tower
03:16 Scout Tower
03:18 Scout Tower
03:22 Scout Tower
03:24 Scout Tower
03:38 Arcane Tower
03:39 Guard Tower
03:49 Guard Tower
04:14 Guard Tower
04:18 Guard Tower
04:22 Scout Tower
04:30 Guard Tower
04:45 Scout Tower
04:48 Scout Tower
04:50 Scout Tower
04:57 Guard Tower
04:59 Scout Tower
05:24 Guard Tower
06:00 Town Hall
06:08 Arcane Tower
06:12 Scout Tower
06:13 Scout Tower
06:59 Scout Tower
07:06 Scout Tower
07:07 Scout Tower
07:16 Arcane Tower
07:17 Guard Tower
07:25 Keep
07:28 Scout Tower
07:29 Scout Tower
07:43 Farm
07:47 Guard Tower
07:57 Scout Tower
07:58 Scout Tower
07:59 Scout Tower
08:04 Guard Tower
08:07 Scout Tower
08:08 Scout Tower
08:25 Blacksmith
08:25 Blacksmith
08:32 Guard Tower
09:17 Guard Tower
09:47 Castle
10:12 Arcane Tower
10:13 Guard Tower
10:23 Farm
11:01 Arcane Sanctum
11:05 Gryphon Aviary
11:06 Gryphon Aviary
11:06 Gryphon Aviary
12:23 Gryphon Aviary
14:53 Scout Tower
14:57 Scout Tower
14:59 Scout Tower
15:25 Workshop
15:54 Scout Tower
15:55 Scout Tower
15:56 Scout Tower
16:06 Guard Tower
16:54 Guard Tower
16:57 Scout Tower
16:58 Scout Tower
17:00 Scout Tower
17:00 Scout Tower
17:01 Scout Tower
17:02 Scout Tower
17:26 Guard Tower
17:28 Town Hall
17:30 Arcane Tower
17:31 Guard Tower
17:36 Guard Tower
17:38 Scout Tower
17:39 Scout Tower
18:36 Arcane Tower
18:37 Guard Tower
18:38 Scout Tower
19:26 Guard Tower
19:45 Scout Tower
19:46 Scout Tower
19:51 Scout Tower
19:52 Scout Tower
19:53 Scout Tower
19:54 Scout Tower
19:55 Scout Tower
19:56 Scout Tower
19:56 Scout Tower
20:48 Guard Tower
20:53 Guard Tower
20:54 Guard Tower
21:12 Guard Tower
22:44 Arcane Tower
23:14 Guard Tower
25:05 Scout Tower
25:06 Scout Tower
25:07 Scout Tower
25:09 Scout Tower
25:10 Scout Tower
25:11 Scout Tower
25:14 Scout Tower
25:14 Scout Tower
25:15 Scout Tower
25:21 Scout Tower
25:22 Scout Tower
25:24 Scout Tower
25:25 Scout Tower
25:26 Scout Tower
26:00 Arcane Tower
26:02 Guard Tower
27:23 Guard Tower
27:28 Scout Tower
27:51 Scout Tower
27:54 Scout Tower
27:55 Scout Tower
27:58 Scout Tower
27:59 Scout Tower
28:00 Scout Tower
28:01 Scout Tower
28:01 Scout Tower
28:03 Scout Tower
28:04 Scout Tower
28:05 Scout Tower
28:06 Scout Tower
28:18 Guard Tower
28:24 Lumber Mill
28:27 Town Hall
28:33 Scout Tower
28:37 Scout Tower
28:38 Scout Tower
28:39 Scout Tower
28:41 Scout Tower
28:41 Scout Tower
29:19 Arcane Tower
29:20 Arcane Tower
29:21 Guard Tower
29:27 Scout Tower
29:28 Scout Tower
29:30 Scout Tower
29:52 Scout Tower
29:53 Scout Tower
29:54 Scout Tower
29:55 Scout Tower
30:04 Guard Tower
30:06 Scout Tower
30:07 Guard Tower
30:11 Gryphon Aviary
30:47 Guard Tower
30:49 Guard Tower
31:56 Keep
33:07 Farm
34:48 Barracks
34:50 Castle
34:56 Arcane Vault
35:01 Scout Tower
41:25 Scout Tower
41:25 Scout Tower
41:27 Scout Tower
42:08 Guard Tower
42:12 Scout Tower
42:13 Scout Tower
42:14 Scout Tower
42:16 Scout Tower
42:16 Scout Tower
42:17 Scout Tower
42:17 Scout Tower
42:45 Guard Tower
44:01 Farm
44:01 Farm
44:02 Farm
44:03 Farm
44:06 Guard Tower
44:53 Scout Tower
44:54 Scout Tower
44:55 Farm
44:56 Farm
44:57 Farm
44:57 Farm
44:59 Farm
45:46 Farm
46:37 Guard Tower
46:39 Scout Tower
48:50 Guard Tower
48:53 Scout Tower
48:54 Scout Tower
48:54 Scout Tower
48:55 Scout Tower
48:56 Scout Tower
48:57 Scout Tower
49:45 Scout Tower
49:46 Scout Tower
49:46 Scout Tower
50:30 Guard Tower
50:37 Guard Tower
52:08 Guard Tower
60:11 Scout Tower
60:18 Scout Tower
60:21 Scout Tower
60:22 Scout Tower
60:26 Scout Tower
60:55 Arcane Tower
61:05 Arcane Tower
62:54 Arcane Tower
67:29 Guard Tower
90:38 Blacksmith
91:55 Workshop
92:00 Gryphon Aviary
» items
| Scroll of Regeneration | 7 | |
| Lesser Clarity Potion | 4 | |
| Mechanical Critter | 5 | |
| Potion of Healing | 9 | |
| Potion of Mana | 2 | |
| Scroll of Town Portal | 10 | |
| Boots of Speed | 3 | |
| Periapt of Vitality | 2 | |
| Orb of Fire | 1 | |
| Staff of Sanctuary | 2 | |
| Staff of Teleportation | 2 | |
47 total
Chat log
(00:32 / All) LaLe_: hey gl
(104:32 / All) LaLe_: u have map hacker?
(104:49 / All) coL.Gate: no but if you need something to cry about
(104:52 / All) coL.Gate: assume whatever you want
(104:58 / All) coL.Gate: lol
(105:06 / All) LaLe_: kill me?
(105:13 / All) coL.Gate: if i had a "map hacker" why would i be scanning?
(105:14 / All) coL.Gate: dumb shit
(105:22 / All) coL.Gate: how about you leave noob
(105:30 / All) LaLe_: fuck u
(105:33 / All) coL.Gate: someone's mad
(105:33 / All) coL.Gate: :D
(105:37 / All) coL.Gate: too angry to leave?
(105:43 / All) coL.Gate: cant blame you after staying this long
(105:47 / All) coL.Gate: you must really care about this game
(106:13 / All) coL.Gate: never seen someone try so hard
(106:17 / All) coL.Gate: and still be so bad
(106:52 / All) coL.Gate: you should probably just leave
(107:02 / All) LaLe_: kill me
(107:05 / All) coL.Gate: nah
(107:07 / All) coL.Gate: i love you
(107:18 / All) LaLe_: u love my dick
(107:20 / All) coL.Gate: i left 3 gold mines for you
(107:26 / All) coL.Gate: mm i love brazilian cock
(107:43 / All) coL.Gate: chocolatey like nigger dick but not as big
(108:55 / All) coL.Gate: hey kid
(108:58 / All) coL.Gate: you still mad?
(109:08 / All) coL.Gate: im sorry for calling you brazilian
(109:17 / All) coL.Gate: they at least know how to cookie cutter
(109:21 / All) LaLe_: fuck u nerd
(109:26 / All) coL.Gate: aw so angry
(109:36 / All) coL.Gate: so whyd you stay in this game so long
(109:45 / All) coL.Gate: if you dont care about the outcome
(109:50 / All) LaLe_: u remenber 11 setemper?:
(109:59 / All) coL.Gate: no, since setemper isn't a month
(110:03 / All) LaLe_: nice day
(110:13 / All) coL.Gate: maybe you mean september
(110:20 / All) coL.Gate: your english is fucking horrible
(110:35 / All) coL.Gate: yeah i laughed at it, then we went around killing sand nigger civilians
(110:38 / All) coL.Gate: and that was funny too
(110:42 / All) LaLe_: inglesh for bitchs
(110:51 / All) coL.Gate: yet you play on us east server
(110:53 / All) coL.Gate: why is that?
(111:02 / All) coL.Gate: doesnt your shitty country have its own server?
(111:17 / All) LaLe_: serve is server man
(111:28 / All) coL.Gate: so you leech off of a wealthy country's server
(111:32 / All) coL.Gate: and cant even learn the language
(111:38 / All) coL.Gate: you're fucking pro
(111:54 / All) coL.Gate: so where are you from anyway
(111:56 / All) coL.Gate: jamaica?
(112:08 / All) coL.Gate: spicville?
(112:13 / All) LaLe_: your mother is fron
(112:22 / All) coL.Gate: "your mother is fron"
(112:26 / All) coL.Gate: god youre so bad at this
(112:53 / All) coL.Gate: my scans are free :D
(113:02 / All) coL.Gate: if you were smart, youd respec far sight
(113:07 / All) LaLe_: really?
(113:13 / All) coL.Gate: but youre not smart
(113:19 / All) coL.Gate: thats why you never got witch doctors
(113:27 / All) coL.Gate: hey
(113:28 / All) coL.Gate: hey
(113:29 / All) coL.Gate: hey
(113:38 / All) coL.Gate: i let you have 8 gold mines
(113:42 / All) coL.Gate: why arent you killing me?
(114:09 / All) LaLe_: newb tower
(114:15 / All) coL.Gate: thanks i like your towers too :)
(114:22 / All) coL.Gate: what do you call your towers, anyway
(114:25 / All) coL.Gate: pro towers?
(114:36 / All) LaLe_: towers for noobs
(114:41 / All) coL.Gate: how many towers did you make?
(115:08 / All) coL.Gate: lol dead things
(115:43 / All) LaLe_: gg i got sleep my girl wait me
(115:44 / All) LaLe_: cya
(115:45 / All) coL.Gate: LOL
(115:47 / All) coL.Gate: face saving
(115:49 / All) coL.Gate: ragequit
(115:53 / All) coL.Gate: noobs leave
(115:59 / All) coL.Gate: save face and quit noob
(116:00 / All) coL.Gate: :D
(116:06 / All) coL.Gate: they always do
(116:24 / All) coL.Gate: always "my girl waiting for me" after you lose units
(117:22 / All) coL.Gate: hey
(117:23 / All) coL.Gate: hey
(117:26 / All) coL.Gate: thought your girl was waiting
(117:39 / All) LaLe_: who old are u?
(118:01 / All) coL.Gate: LOL
(118:04 / All) coL.Gate: 10 hp
(118:11 / All) LaLe_: lol
(118:14 / All) coL.Gate: you suck dude
(118:16 / All) LaLe_: really?
(118:22 / All) coL.Gate: you dont even know do you
(118:35 / All) coL.Gate: not like i cant afford to bring him back
(118:37 / All) coL.Gate: 13170 gold
(118:49 / All) coL.Gate: you should just leave
(118:49 / All) LaLe_: good man
(118:56 / All) coL.Gate: oh, i know its good :)
(119:06 / All) coL.Gate: even if you actually played decently, i couldnt lose
(119:06 / All) LaLe_: nice
(119:23 / All) LaLe_: cya
(119:25 / All) LaLe_: sleep
(119:26 / All) coL.Gate: SO MAD